 Dungeon Crawl Stone Soup version 0.29-a0-982-gaed3a0c8d8 (webtiles) character file.

Game seed: 14091704112928192871

476 MisterAzrael the Insei (level 7, -3/43 HPs)
             Began as an Octopode Transmuter on Aug 2, 2022.
             Was an Initiate of Ru.
             Slain by an orc
             ... wielding a +1 trident of venom
              (8 damage)
             ... on level 5 of the Dungeon.
             The game lasted 00:06:16 (4148 turns).

MisterAzrael the Insei (Octopode Transmuter)        Turns: 4148, Time: 00:06:17

Health: -3/43      AC: -2    Str: 12    XL:     7   Next: 10%
Magic:  7/10       EV: 20    Int: 15    God:    Ru [......]
Gold:   146        SH:  0    Dex: 23    Spells: 2/10 levels left

rFire   . . .      SeeInvis .     - Unarmed
rCold   . . .      Faith    .   (shield currently unavailable)
rNeg    . . .      Spirit   .   (helmet currently unavailable)
rPois   x          Reflect  .   (no amulet)
rElec   .          Harm     .   i - +6 ring of dexterity
rCorr   .          Rampage  .   (no ring)
Will    .....                   (no ring)
Stlth   ++........              (no ring)
HPRegen 0.14/turn               (no ring)
MPRegen 0.12/turn               (no ring)
                                (no ring)
                                (no ring)

@: spider-form, corroded
A: venomous fangs, almost no armour, (amphibious), 8 rings, tiny, (camouflage
1), (gelatinous body 1), (nimble swimmer 1), (tentacles)
a: End Transformation, Renounce Religion


You were on level 5 of the Dungeon.
You worshipped Ru.
Ru was noncommittal.
You were a venomous arachnid creature.
You visited 2 branches of the dungeon, and saw 5 of its levels.

You collected 146 gold pieces.

Inventory:

Jewellery
 i - a +6 ring of dexterity (left front leg)
Scrolls
 b - a scroll of enchant armour {unknown}
 f - a scroll of butterflies {unknown}
 g - a scroll of enchant weapon {unknown}
 h - 2 scrolls of summoning {unknown}
 l - 3 scrolls of teleportation {unknown}
 m - a scroll of magic mapping {unknown}
 n - 5 scrolls of identify {unknown}
 o - a scroll of vulnerability {unknown}
Potions
 a - a potion of lignification
 c - 3 potions of curing
 d - a potion of heal wounds {unknown}
 e - 2 potions of brilliance {unknown}
 j - a potion of invisibility {unknown}
 k - a potion of resistance {unknown}


   Skills:
 - Level 1.6 Fighting
 - Level 2.0 Dodging
 * Level 5.4 Unarmed Combat
 - Level 2.3 Spellcasting
 * Level 4.8 Transmutations
 + Level 2.6 Poison Magic


You had 2 spell levels left.
You knew the following spells:

 Your Spells              Type           Power      Damage    Failure   Level
a - Beastly Appendage     Tmut           32%        N/A       11%         1
b - Spider Form           Tmut/Pois      13%        N/A       32%         3
c - Ice Form              Ice/Tmut       9%         N/A       80%         4

Your spell library contained the following spells:

 Spells                   Type           Power      Damage    Failure   Level
 Wereblood                Tmut           16%        N/A       13%         2
 Gell's Gravitas          Tloc           1%         N/A       75%         3
 Teleport Other           Tloc           1%         N/A       75%         3
 Dispersal                Tloc           0%         N/A       100%        6


Dungeon Overview and Level Annotations

Branches:
Dungeon (5/15)             Temple (1/1) D:5

Altars:
Ashenzari
Cheibriados
Dithmenos
Fedhas
Gozag
Hepliaklqana
Kikubaaqudgha
Nemelex Xobeh
Qazlal
Ru
Sif Muna
Uskayaw
Wu Jian
Yredelemnul
Zin
The Shining One


Innate Abilities, Weirdness & Mutations

You are a venomous arachnid creature.
You have poisonous fangs.
You are tiny and dextrous.
Your spellcasting is less reliable in this form.
Your armour is entirely melded.
You are incapable of wielding weapons or throwing items.
You cannot wear most types of armour.
((You are amphibious.))
You can wear up to eight rings at the same time.
((Your skin changes colour to match your surroundings (Stealth+).))
((Your rubbery body absorbs attacks. (AC +1, EV +1)))
((You are camouflaged when in or above water. (Stealth+)))
((You have tentacles for arms and can constrict up to eight enemies at once.))


Message History

An orc is wielding a +1 trident of venom.
The orc shouts!
The jelly quivers.
The orc barely misses you.
There are monsters nearby!
The orc barely misses you.
There is an open door here.
The orc shouts!
You tentacle-slap the jelly.
Your tentacles burn!
The jelly is lightly wounded.
The orc hits you with a +0 dagger. The jelly completely misses you.
The orc barely misses you.
You tentacle-slap the jelly but do no damage.
Your tentacles burn!
The jelly is lightly wounded.
The jelly hits you. The acid corrodes you!
You are splashed with acid!
The orc hits you with a +1 trident of venom!
The orc hits you with a +0 dagger.
* * * LOW HITPOINT WARNING * * *
You are too injured to fight recklessly!
You are too injured to fight recklessly!
The orc barely misses you. The jelly attacks as you move away!
The jelly barely misses you.
You see here a +0 short sword.
The jelly attacks as you move away! The jelly closely misses you.
Casting: Spider Form (dangerous; 14% risk of failure)
Confirm with . or Enter, or press ? or * to list all spells.
You turn into a venomous arachnid creature.
The orc completely misses you. The jelly misses you.
There is an open door here.
You bite the jelly!
The jelly looks as sick as possible!
Your front legs burn!
* * * LOW HITPOINT WARNING * * *
The jelly is heavily wounded.
The jelly closely misses you. The orc completely misses you.
You hit the jelly.
The jelly looks as sick as possible!
Your front legs burn!
* * * LOW HITPOINT WARNING * * *
The jelly is severely wounded.
The jelly completely misses you.
The orc hits you from afar with a +1 trident of venom!
You die...

######
#....###################
#......................#
#..#####'#######'####..#
##..###.....###.....#
####...##.....###.....##
.>[....#.....###.....##
####...#....###.s...##
#.#.+...###..J..## #
#.#.#..## ###o### .
#.#)#.## #..oo.#
#.#.#.### #..)..#
.#.#.#.# +.(.).+
.......# #.....#
.......# #.....#
..##...# ###'###


You could see a jelly (extremely poisoned) and 3 orcs.

Vanquished Creatures
  An ogre (D:5)
  A centaur (D:5)
  2 scorpions (D:5)
  A howler monkey (D:5)
  A hound (D:5)
  An iguana (D:5)
  A river rat (D:5)
  4 adders
  2 worms
  A dart slug (D:2)
  5 orcs
  6 ball pythons
  3 endoplasms (D:1)
  2 giant cockroaches
  4 goblins
  A hobgoblin (D:1)
  3 jackals (D:1)
  6 kobolds
  A quokka (D:3)
  5 bats
  A frilled lizard (D:1)
  2 rats
54 creatures vanquished.

Vanquished Creatures (others)
  A quokka (D:5)
1 creature vanquished.

Grand Total: 55 creatures vanquished

Notes
Turn   | Place    | Note
-------+----------+-------------------------------------------
     0 | D:1      | MisterAzrael the Octopode Transmuter began the quest for
                  | the Orb.
     0 | D:1      | Reached XP level 1. HP: 13/13 MP: 3/3
    75 | D:1      | Reached XP level 2. HP: 13/18 MP: 3/5
   858 | D:1      | Reached XP level 3. HP: 23/23 MP: 4/6
   923 | D:1      | Found a faded altar of an unknown god.
  1319 | D:2      | Learned a level 3 spell: Spider Form
  2566 | D:3      | You fall into a shaft and drop 2 floors!
  2566 | D:5      | Entered Level 5 of the Dungeon
  2569 | D:5      | Noticed a scorpion
  2577 | D:5      | Killed a scorpion
  2578 | D:5      | Reached skill level 4 in Unarmed Combat
  2578 | D:5      | Reached XP level 4. HP: 25/28 MP: 2/7
  2645 | D:5      | Found a staircase to the Ecumenical Temple.
  2645 | D:5      | Noticed a scorpion
  2652 | D:5      | Killed a scorpion
  2653 | D:5      | Reached XP level 5. HP: 14/33 MP: 8/8
  2688 | Temple   | Entered the Ecumenical Temple
  3274 | Temple   | Became a worshipper of Ru the Awakened
  3291 | D:5      | Reached skill level 1 in Poison Magic
  3332 | D:5      | Reached XP level 6. HP: 22/38 MP: 9/9
  3551 | D:5      | HP: 1/38 [centaur (2)]
  3555 | D:5      | Reached skill level 5 in Unarmed Combat
  3876 | D:5      | Learned a level 4 spell: Ice Form
  3989 | D:5      | Reached XP level 7. HP: 43/43 MP: 6/10
  4148 | D:5      | Slain by an orc

Illustrated notes

Levels and vault maps discovered:
D:1:      tarquinn_simple_flora_water_c, layout_rooms,
          ebering_ecumenical_altar_hall
D:2:      layout_basic
D:3:      layout_basic, grunt_decor_cap, kennysheep_generic_room_14
D:5:      cheibrodos_two_vegetables, layout_loops_ring,
          mainiacjoe_overflow_alcove_1, elyvilon_altar_4,
          minmay_temple_entry_mini_moons, cheibrodos_sewer_entry_sluice,
          minmay_quadrilaterals
Temple:   compressed_dpeg_triangle_lava_temple

Skill      XL: |  1  2  3  4  5  6 |
---------------+-------------------+-----
Unarmed Combat | 4 5 |  5.4
Transmutations | 3 4 |  4.8
Poison Magic   | 1 2 |  2.6
Fighting       | |  1.6
Dodging        | |  2.0
Spellcasting   | |  2.3

Action                   |  1- 3 |  4- 6 |  7- 9 || total
-------------------------+-------+-------+-------++-------
Melee: Unarmed           |    75 |    38 |    11 ||   124
       Constrict         |    20 |     8 |     2 ||    30
       Kick              |    17 |    13 |       ||    30
       Tentacles         |    10 |     7 |     3 ||    20
       Punch             |     1 |     1 |       ||     2
 Cast: Beastly Appendage |    23 |     6 |       ||    29
       Spider Form       |     2 |     3 |     1 ||     6
  Use: Potion            |       |     1 |       ||     1
 Stab: Sleeping          |     5 |       |       ||     5
Armor: Skin              |     4 |     1 |     1 ||     6
Dodge: Dodged            |    51 |    32 |    21 ||   104

Table legend: (Time is in decaauts)
 A = Elapsed time spent in this place.
 B = Non-inter-level travel time spent in this place.
 C = Inter-level travel time spent in this place.
 D = Time resting spent in this place.
 E = Time spent auto-exploring this place.
 F = Levels seen in this place.
 G = Mean time per level.
                   A        B        C        D        E       F      G
               +--------+--------+--------+--------+--------+-----+--------+
         Total |   4138 |   4102 |     36 |   1039 |   2367 |   5 |  827.6 |
       Dungeon |   3540 |   3504 |     36 |    852 |   2128 |   4 |  885.0 |
        Temple |    597 |    597 |      0 |    187 |    239 |   1 |  597.0 |
               +--------+--------+--------+--------+--------+-----+--------+

Top non-repeatable levels by time:
     D:2: 1198 daAuts
     D:1: 1198 daAuts
     D:5: 979 daAuts
  Temple: 597 daAuts
     D:3: 164 daAuts
